 Dungeon Crawl Stone Soup version 0.21.1-1-g345015f (webtiles) character file.

142 tidbits the Thaumaturge (level 5, 26/37 HPs)
             Began as a Gnoll Wanderer on June 8, 2018.
             Quit the game in the Ecumenical Temple.
             The game lasted 00:11:51 (1005 turns).

tidbits the Thaumaturge (Gnoll Wanderer)            Turns: 1005, Time: 00:11:51

Health: 26/37      AC:  2    Str: 18    XL:     5   Next: 24%
Magic:  20/20      EV: 12    Int: 18    God:
Gold:   129        SH:  0    Dex: 10    Spells: 19/30 levels left

rFire    . . .     SeeInvis .   a - +2 short sword (venom)
rCold    . . .     Gourm    .   (no shield)
rNeg     . . .     Faith    .   d - +0 robe
rPois    .         Spirit   .   (no helmet)
rElec    .         Reflect  .   (no cloak)
rCorr    .         Harm     .   (no gloves)
MR       .....                  (no boots)
Stlth    ++........             R - amulet of regeneration
HPRegen  0.12/turn              n - +2 ring of intelligence
MPRegen  0.17/turn              (no ring)

@: no status effects
A: distributed training, fangs 1, strong nose
a: no special abilities


You were in the Ecumenical Temple.
You were not hungry.

You visited 2 branches of the dungeon, and saw 6 of its levels.

You collected 129 gold pieces.

Inventory:

Hand Weapons
 a - a +2 short sword of venom (weapon)
   (You found it on level 3 of the Dungeon)
 b - a +0 club
 h - a +0 short sword
 j - a +1 dagger of speed
   (You found it on level 1 of the Dungeon)
 l - a +0 dagger
Missiles
 i - 40 stones (quivered)
 m - 24 arrows
Armour
 d - a +0 robe (worn)
 t - a +0 buckler
 u - a +0 helmet
Jewellery
 n - a +2 ring of intelligence (left hand)
   (You found it on level 1 of the Dungeon)
 R - an amulet of regeneration (around neck)
   (You found it on level 3 of the Dungeon)
Scrolls
 e - a scroll of teleportation
 f - a scroll of enchant weapon {unknown}
 k - a scroll of amnesia {unknown}
 p - a scroll of identify {unknown}
 q - a scroll of random uselessness {unknown}
 r - 3 scrolls of remove curse
Potions
 o - a potion of berserk rage
Books
 g - a book of Minor Magic

   Spells                             Type                      Level
   a - Magic Dart                     Conjuration                  1
   b - Blink                          Translocation                2
   c - Call Imp                       Summoning                    2
   d - Slow                           Hexes                        2
   e - Conjure Flame                  Conjuration/Fire             3
   f - Mephitic Cloud                 Conjuration/Poison/Air       3
Comestibles
 c - 3 rations


   Skills:
 + Level 1.4 Fighting
 + Level 1.4 Short Blades
 + Level 1.4 Long Blades
 + Level 1.4 Axes
 + Level 1.4 Maces & Flails
 + Level 1.4 Polearms
 + Level 1.4 Staves
 + Level 1.4 Slings
 + Level 1.4 Bows
 + Level 1.4 Crossbows
 + Level 2.9 Throwing
 + Level 1.4 Armour
 + Level 1.4 Dodging
 + Level 2.7 Stealth
 + Level 1.4 Shields
 + Level 1.4 Unarmed Combat
 + Level 13.0 Spellcasting
 + Level 1.1 Conjurations
 + Level 1.1 Hexes
 + Level 1.1 Charms
 + Level 1.1 Summonings
 + Level 1.1 Necromancy
 + Level 2.3 Translocations
 + Level 1.1 Transmutations
 + Level 1.1 Fire Magic
 + Level 1.1 Ice Magic
 + Level 1.1 Air Magic
 + Level 2.3 Earth Magic
 + Level 1.1 Poison Magic
 + Level 1.5 Invocations
 + Level 1.4 Evocations


You had 19 spell levels left.
You knew the following spells:

 Your Spells              Type           Power        Failure   Level  Hunger
a - Magic Dart            Conj           ###.         3%          1    None
b - Blink                 Tloc           N/A          3%          2    None
c - Conjure Flame         Conj/Fire      ###.....     11%         3    None
i - Call Imp              Summ           ###.....     5%          2    None
m - Mephitic Cloud        Conj/Pois/Air  ###.....     11%         3    None


Dungeon Overview and Level Annotations

Branches:
Dungeon (5/15)             Temple (1/1) D:5

Altars:
Ashenzari
Dithmenos
Elyvilon
Fedhas
Gozag
Kikubaaqudgha
Makhleb
Nemelex Xobeh
Okawaru
Qazlal
Uskayaw
Vehumet
Wu Jian
Yredelemnul
Zin
The Shining One


Innate Abilities, Weirdness & Mutations

Your experience applies equally to all skills.
You have very sharp teeth.
Your uncanny sense of smell can sniff out nearby items.


Message History

Unknown command.
Wield which item (- for none, * to show all)? (? for menu, Esc to quit)
Your +2 short sword of venom stops dripping with poison.
c - 3 rations (in branch)
You swing at nothing.
You swing at nothing.
You swing at nothing.
You swing at nothing.
You swing at nothing.
You swing at nothing.
You swing at nothing.
You swing at nothing.
You swing at nothing.
You swing at nothing.
You swing at nothing.
You swing at nothing.
You swing at nothing.
You swing at nothing.
Your transformation is almost over.
You swing at nothing.
You swing at nothing.
You swing at nothing.
You swing at nothing.
You swing at nothing.
You swing at nothing.
You swing at nothing.
You feel less wooden.
Your +0 robe unmelds from your body.
Wield which item (- for none, * to show all)? (? for menu, Esc to quit)
Your +2 short sword of venom begins to drip with poison!
a - a +2 short sword of venom (weapon)
There is a stone staircase leading down here.
You climb downwards.
You hear the hiss of flowing sand.
There is an entrance to an ossuary on this level.
Hurry and find it before the portal is buried!
You hear the hiss of a very distant avalanche of sand.
There is a stone staircase leading up here.
You see here 12 gold pieces.
You now have 129 gold pieces (gained 12).
You open the door.
There is an open door here.
You open the door.
An adder skeleton comes into view.
Found a ration.
There is an open door here.
Unknown command.
Casting: Mephitic Cloud
Confirm with . or Enter, or press ? or * to list all spells.
A beastly little devil appears in a puff of frigid air.
Found a stone staircase leading up.
You hit the adder skeleton. Your bite misses the adder skeleton.
The adder skeleton is moderately damaged.
The adder skeleton barely misses you.
You barely miss the adder skeleton.
The adder skeleton is moderately damaged.
The adder skeleton closely misses you.
Your white imp hits the adder skeleton.
Your white imp freezes the adder skeleton.
The adder skeleton resists.
You puncture the adder skeleton!
The adder skeleton is almost destroyed.
The adder skeleton bites you.
* * * LOW HITPOINT WARNING * * *
Your white imp hits the adder skeleton.
The adder skeleton is destroyed!
There is a stone staircase leading up here.
You climb upwards.
Your summoned ally is left behind.
Found 29 sling bullets.
There is a stone staircase leading down here.
Unknown command.
You climb downwards.
You hear the hiss of flowing sand.
There is an entrance to an ossuary on this level.
Hurry and find it before the portal is buried!
Your white imp disappears in a puff of smoke!
There is a stone staircase leading up here.
Found 13 stones.
You open the door.
There is an open door here.
Found a staircase to the Ecumenical Temple.
You hear the hiss of a very distant avalanche of sand.
Found a pair of boots.
Found a stone staircase leading down.
There is a staircase to the Ecumenical Temple here.
You climb downwards.
Welcome to the Ecumenical Temple!
Found eight altars.
There is a staircase back to the Dungeon here.
Unknown command.
There is a burning altar of Makhleb here.
Found a glowing silver altar of Zin.
Found a blossoming altar of Fedhas.
There is a sparkling altar of Nemelex Xobeh here.
Found a shadowy altar of Dithmenos.
There is a glowing golden altar of the Shining One here.
There is a glowing golden altar of the Shining One here.
Found a basalt altar of Yredelemnul.
Found a hide-covered altar of Uskayaw.
There is a hide-covered altar of Uskayaw here.
There is a white marble altar of Elyvilon here.
Found an ornate altar of the Wu Jian Council.
Unknown command.
Are you sure you want to abandon this character and quit the game? (Confirm with "yes".)

##### #...#
#._.# ## ##
##@..# #.#
#.##.#### #.#
#..## #.#
##.## ####.#
#.#.####
##### #...#
#.##...#
#...# #._.#
####.# #._.#
#._.# ##...##
#...#
#...####...#
#.###.## ._.#
#.###.##.####


There were no monsters in sight!

Vanquished Creatures
  An orc wizard (D:3)
  3 adders
  3 dart slugs (D:1)
  2 leopard geckos
  5 orcs (D:3)
  A giant cockroach (D:1)
  6 goblins
  6 hobgoblins
  5 kobolds
  5 bats
  A frilled lizard (D:2)
  4 rats
42 creatures vanquished.

Vanquished Creatures (collateral kills)
  A gnoll (D:2)
  2 adders (D:2)
  An adder skeleton (D:5)
  A leopard gecko (D:3)
  3 orcs (D:3)
  A goblin (D:3)
9 creatures vanquished.

Grand Total: 51 creatures vanquished

Notes
Turn   | Place    | Note
-------+----------+-------------------------------------------
     0 | D:1      | Reached skill level 12 in Spellcasting
     0 | D:1      | tidbits the Gnoll Wanderer began the quest for the Orb.
     0 | D:1      | tidbits set off with: a book of Minor Magic, a scroll of teleportation, a potion of curing, a +0 robe, a +0 club, a ration
     0 | D:1      | Reached XP level 1. HP: 13/13 MP: 14/14
     2 | D:1      | Learned a level 1 spell: Magic Dart
    64 | D:1      | Reached skill level 2 in Translocations
    64 | D:1      | Reached skill level 2 in Earth Magic
    68 | D:1      | Reached XP level 2. HP: 15/19 MP: 8/15
    79 | D:1      | Learned a level 2 spell: Blink
    82 | D:1      | Learned a level 2 spell: Call Imp
   232 | D:1      | Reached XP level 3. HP: 14/25 MP: 0/17
   395 | D:2      | Reached skill level 1 in Invocations
   399 | D:2      | Found a shattered altar of Ashenzari.
   448 | D:2      | HP: 2/25 [adder (2)]
   450 | D:2      | Reached skill level 1 in Fighting
   450 | D:2      | Reached skill level 1 in Short Blades
   450 | D:2      | Reached skill level 1 in Long Blades
   450 | D:2      | Reached skill level 1 in Axes
   450 | D:2      | Reached skill level 1 in Maces & Flails
   450 | D:2      | Reached skill level 1 in Polearms
   450 | D:2      | Reached skill level 1 in Staves
   450 | D:2      | Reached skill level 1 in Slings
   450 | D:2      | Reached skill level 1 in Bows
   450 | D:2      | Reached skill level 1 in Crossbows
   450 | D:2      | Reached skill level 1 in Armour
   450 | D:2      | Reached skill level 1 in Dodging
   450 | D:2      | Reached skill level 1 in Shields
   450 | D:2      | Reached skill level 1 in Unarmed Combat
   450 | D:2      | Reached skill level 13 in Spellcasting
   450 | D:2      | Reached skill level 1 in Evocations
   450 | D:2      | Reached XP level 4. HP: 13/32 MP: 1/19
   639 | D:3      | Learned a level 3 spell: Mephitic Cloud
   643 | D:3      | Learned a level 3 spell: Conjure Flame
   675 | D:5      | Entered Level 5 of the Dungeon
   719 | D:3      | HP: 3/32 [poisoned by an adder]
   719 | D:3      | HP: 1/32 [goblin (2)]
   727 | D:3      | Reached skill level 1 in Conjurations
   727 | D:3      | Reached skill level 1 in Hexes
   727 | D:3      | Reached skill level 1 in Charms
   727 | D:3      | Reached skill level 1 in Summonings
   727 | D:3      | Reached skill level 1 in Necromancy
   727 | D:3      | Reached skill level 1 in Transmutations
   727 | D:3      | Reached skill level 1 in Fire Magic
   727 | D:3      | Reached skill level 1 in Ice Magic
   727 | D:3      | Reached skill level 1 in Air Magic
   727 | D:3      | Reached skill level 1 in Poison Magic
   737 | D:3      | Found an iron altar of Okawaru.
   744 | D:3      | HP: 2/32 [adder (2)]
   753 | D:3      | Reached XP level 5. HP: 3/37 MP: 0/20
   783 | D:3      | HP: 1/37 [orc/mace (6)]
   886 | D:5      | Found a staircase to the Ecumenical Temple.
   895 | Temple   | Entered the Ecumenical Temple
  1005 | Temple   | Quit the game

Skill      XL: |  1  2  3  4 |
---------------+-------------+-----
Spellcasting   | 13 | 13.0
Translocations | 2 |  2.3
Earth Magic    | 2 |  2.3
Invocations    | 1 |  1.5
Fighting       | 1 |  1.4
Short Blades   | 1 |  1.4
Long Blades    | 1 |  1.4
Axes           | 1 |  1.4
Maces & Flails | 1 |  1.4
Polearms       | 1 |  1.4
Staves         | 1 |  1.4
Slings         | 1 |  1.4
Bows           | 1 |  1.4
Crossbows      | 1 |  1.4
Armour         | 1 |  1.4
Dodging        | 1 |  1.4
Shields        | 1 |  1.4
Unarmed Combat | 1 |  1.4
Evocations     | 1 |  1.4
Conjurations   | 1 |  1.1
Hexes          | 1 |  1.1
Charms         | 1 |  1.1
Summonings     | 1 |  1.1
Necromancy     | 1 |  1.1
Transmutations | 1 |  1.1
Fire Magic     | 1 |  1.1
Ice Magic      | 1 |  1.1
Air Magic      | 1 |  1.1
Poison Magic   | 1 |  1.1
Throwing       | |  2.9
Stealth        | |  2.7

Action                   |  1- 3 |  4- 6 || total
-------------------------+-------+-------++-------
Melee: Dagger            |    28 |       ||    28
       Club              |     1 |       ||     1
       Short sword       |     6 |    21 ||    27
       Bite              |     1 |     2 ||     3
 Cast: Magic Dart        |    65 |    19 ||    84
       Call Imp          |     2 |     3 ||     5
       Mephitic Cloud    |       |     4 ||     4
       Conjure Flame     |       |     1 ||     1
  Use: Potion            |     1 |     2 ||     3
       Scroll            |       |     1 ||     1
 Stab: Sleeping          |     2 |       ||     2
Armor: Robe              |     8 |     1 ||     9
Dodge: Dodged            |    24 |    14 ||    38

Table legend:
 A = Turns spent in this place as a percentage of turns spent in the entire game.
 B = Non-inter-level travel turns spent in this place as a percentage of non-inter-level travel turns spent in the entire game.
 C = Inter-level travel turns spent in this place as a percentage of turns spent in this place.
 D = Turns resting spent in this place as a percentage of non-inter-level travel turns spent in this place.
 E = Turns spent auto-exploring this place as a percentage of non-inter-level travel turns spent in this place.
 F = Non-inter-level travel turns spent in this place divided by the number of levels of this place that you've seen.
                   A       B       C       D       E      F
               +-------+-------+-------+-------+-------+----------------------
         Total | 100.0 | 100.0 |   0.0 |   0.0 |   0.0 | 167.5
       Dungeon |  89.1 |  89.1 |   0.0 |   0.0 |   0.0 | 179.0
        Temple |  10.9 |  10.9 |   0.0 |   0.0 |   0.0 | 110.0
               +-------+-------+-------+-------+-------+----------------------

Table legend:
 A = Kills in this place as a percentage of kills in entire the game.
 B = Kills by you in this place as a percentage of kills by you in the entire game.
 C = Kills by friends in this place as a percentage of kills by friends in the entire game.
 D = Other kills in this place as a percentage of other kills in the entire game.
 E = Experience gained in this place as a percentage of experience gained in the entire game.
 F = Experience gained in this place divided by the number of levels of this place that you have seen.
                   A       B       C       D       E      F
               +-------+-------+-------+-------+-------+----------------------
         Total | 100.0 | 100.0 | 100.0 | 100.0 | 100.0 |  33.8
       Dungeon | 100.0 | 100.0 | 100.0 | 100.0 | 100.0 |  40.6
               +-------+-------+-------+-------+-------+----------------------

Vault maps used:
D:1:      lemuel_arrival_tunnels, serial_park_tiny_2
D:2:      lemuel_crystal_altar, roderic_lattice_a
D:3:      nicolae_overflow_crystal_walls, first_ration
D:4:      gammafunk_temple_overflow_elements, serial_forest,
          infiniplex_forest_lined_room_2, infiniplex_forest_clump_medium,
          infiniplex_forest_straight_4, infiniplex_forest_lined_ring,
          infiniplex_forest_lined_2, corexii_shack
D:5:      minmay_temple_entry_overgrown, enter_ossuary_4
Temple:   eino_narrow_crystal_temple
